 Dungeon Crawl Stone Soup version 0.27-a0-1196-g3e9cee4cb2 (webtiles) character file.

Game seed: 4488996451578590767

1573 Shayle the Covert (level 8, -2/59 (67) HPs)
             Began as a Demonspawn Enchanter on May 28, 2021.
             Was an Initiate of Wu Jian.
             Killed from afar by Maggie (25 damage)
             ... with a bolt of fire
             ... on level 7 of the Dungeon.
             The game lasted 00:19:59 (7166 turns).

Shayle the Covert (Demonspawn Enchanter)            Turns: 7166, Time: 00:20:00

HP:   -2/59 (67)    AC: 16    Str: 12    XL:     8   Next: 59%
MP:   3/11          EV:  9    Int: 17    God:    Wu Jian [......]
Gold: 53            SH:  4    Dex: 15    Spells: 5/11 levels left

rFire    . . .     SeeInvis .   a - +2 dagger
rCold    . . .     Faith    .   (no shield)
rNeg     . . .     Spirit   .   o - +1 scale mail of Ifofic {Will+ rCorr Str+3}
rPois    .         Reflect  .   (no helmet)
rElec    .         Harm     .   d - +2 cloak
rCorr    +         Rampage  .   u - +2 pair of gloves
Will     +....                  q - +2 pair of boots
Stlth    +++.......             (no amulet)
HPRegen  0.19/turn              (no ring)
MPRegen  0.12/turn              (no ring)

@: mesmerised, very slightly contaminated, heavily drained
A: large bone plates 1, powered by death 1, spiny 1
a: Renounce Religion


You were on level 7 of the Dungeon.
You worshipped Wu Jian.
Wu Jian was noncommittal.
You visited 2 branches of the dungeon, and saw 8 of its levels.

You collected 287 gold pieces.
You spent 234 gold pieces at shops.

Inventory:

Hand Weapons
 a - a +2 dagger (weapon)
Missiles
 h - 5 atropa-tipped darts (quivered)
 i - 3 silver boomerangs
 v - 29 poisoned darts
Armour
 b - a +0 robe
 d - a +2 cloak (worn)
 o - the +1 scale mail of Ifofic (worn) {Will+ rCorr Str+3}
   (You found it on level 7 of the Dungeon)

   It affects your strength (+3).
   It protects you from acid and corrosion.
   It increases your willpower.
 q - a +2 pair of boots (worn)
 u - a +2 pair of gloves (worn)
Jewellery
 l - an amulet of the acrobat
Wands
 p - a wand of digging (4)
 r - a wand of charming (9)
Scrolls
 f - 3 scrolls of fear
 g - a scroll of vulnerability
 m - a scroll of enchant armour
 n - 2 scrolls of magic mapping
 t - a scroll of teleportation
 y - a scroll of identify
Potions
 c - 2 potions of lignification
 e - a potion of resistance
 j - a potion of haste
 k - a potion of brilliance
 s - a potion of attraction {unknown}
 w - a potion of might {unknown}
 x - a potion of heal wounds
 z - 2 potions of flight {unknown}


   Skills:
 + Level 7.6 Fighting
 - Level 0.8 Short Blades
 - Level 1.7 Dodging
 + Level 8.2 Stealth
 - Level 2.0 Spellcasting
 - Level 3.0 Hexes


You had 5 spell levels left.
You knew the following spells:

 Your Spells              Type           Power      Damage    Failure   Level
a - Corona                Hex            12%        N/A       30%         1
b - Ensorcelled Hibernat  Hex/Ice        12%        N/A       65%         2
c - Confusing Touch       Hex            11%        N/A       67%         3

Your spell library contained the following spells:

 Spells                   Type           Power      Damage    Failure   Level
 Tukima's Dance           Hex            11%        N/A       67%         3
 Dazzling Flash           Conj/Hex       12%        N/A       86%         3


Dungeon Overview and Level Annotations

Branches:
Dungeon (7/15)             Temple (1/1) D:6

Altars:
Ashenzari
Ru
Trog
Uskayaw
Wu Jian
Xom
Zin
The Shining One

Shops:
D:7 *

Annotations:
D:6 Eustachio
D:7 2 transporters, Maggie; pigah's ghost, novice OpWn


Innate Abilities, Weirdness & Mutations

You are partially covered in large bone plates. (SH +4)
You regenerate a little health from kills.
You are partially covered in sharp spines.


Message History

You hit Maggie.
Maggie is severely wounded.
You block Maggie's attack.
You hit Maggie.
Maggie is severely wounded.
Maggie hits you but does no damage.
You feel drained.
You hit Maggie.
Maggie is severely wounded.
Maggie is struck by your spines.
Maggie hits you with a +0 war axe of draining!
You feel drained.
You completely miss Maggie.
Maggie is severely wounded.
Maggie is struck by your spines. Maggie barely misses you.
You barely miss Maggie.
Maggie is severely wounded.
Maggie casts a spell.
Maggie draws you further into her thrall.
You hit Maggie.
Maggie is severely wounded.
Maggie is struck by your spines. Maggie barely misses you.
You hit Maggie.
Maggie is almost dead.
Maggie hits you with a +0 war axe of draining.
You feel drained.
You completely miss Maggie.
Maggie is almost dead.
You block Maggie's attack.
You hit Maggie but do no damage.
Maggie is almost dead.
Maggie hits you but does no damage.
You feel drained.
You barely miss Maggie.
Maggie is almost dead.
Maggie gestures at you while chanting. The bolt of fire hits you!!
You barely miss Maggie.
Maggie is almost dead.
Maggie gestures at you while chanting. The bolt of fire hits you!!
You die...

# #######.#.
#..@...... #.@.....#
############.........
#..........[.......#.
#.##########.........
#.# #......$#. #.#
#.......# #.#
#######... #.# ###
#.#


You could see Maggie (mesmerising).

Vanquished Creatures
  4 yaks (D:5)
  A sky beast (D:7)
  A black bear (D:5)
  A centaur (D:6)
  3 ogres (D:6)
  A phantom (D:5)
  2 hounds
  3 bullfrog skeletons
  An orc priest (D:4)
  A killer bee zombie (D:5)
  2 hound skeletons
  6 adders
  2 white imps
  An adder skeleton (D:4)
  3 dart slugs
  9 orcs
  9 endoplasms
  5 giant cockroaches
  5 hobgoblins
  9 jackals (D:1)
  6 kobolds
  6 quokkas
  10 ball pythons
  7 bats
  3 frilled lizards (D:1)
  8 goblins
  5 rats
114 creatures vanquished.

Notes
Turn   | Place    | Note
-------+----------+-------------------------------------------
     0 | D:1      | Shayle the Demonspawn Enchanter began the quest for the
                  | Orb.
     0 | D:1      | Reached XP level 1. HP: 13/13 MP: 3/3
   327 | D:1      | Reached skill level 1 in Fighting
   327 | D:1      | Reached skill level 3 in Stealth
   327 | D:1      | Gained mutation: You are partially covered in sharp spines.
                  | [demonic ancestry]
   327 | D:1      | Reached XP level 2. HP: 3/21 MP: 5/5
   831 | D:1      | Learned a level 2 spell: Ensorcelled Hibernation
  1170 | D:1      | Reached XP level 3. HP: 27/27 MP: 6/6
  1252 | D:1      | Found a faded altar of an unknown god.
  2163 | D:1      | Learned a level 3 spell: Confusing Touch
  2204 | D:2      | Gained mutation: You regenerate a little health from kills.
                  | [demonic ancestry]
  2204 | D:2      | Reached XP level 4. HP: 31/34 MP: 2/7
  2308 | D:2      | Found a bloodstained altar of Trog.
  3018 | D:2      | You fall into a shaft and drop 1 floor!
  3022 | D:3      | Reached skill level 4 in Stealth
  4182 | D:4      | Gained mutation: You are partially covered in large bone
                  | plates. (SH +4) [demonic ancestry]
  4182 | D:4      | Reached XP level 5. HP: 22/41 MP: 3/8
  4988 | D:5      | Entered Level 5 of the Dungeon
  4988 | D:5      | Noticed a black bear
  5003 | D:5      | Killed a black bear
  5004 | D:5      | Reached skill level 5 in Stealth
  5004 | D:5      | Reached XP level 6. HP: 23/48 MP: 4/9
  5853 | D:6      | Noticed a yak
  5853 | D:6      | Noticed a yak
  5855 | D:6      | Noticed a yak
  5858 | D:6      | Noticed a yak
  5880 | D:5      | Killed a yak
  5881 | D:5      | Reached skill level 5 in Fighting
  5881 | D:5      | Reached skill level 6 in Stealth
  5881 | D:5      | Reached XP level 7. HP: 56/56 MP: 2/10
  6033 | D:6      | Found a hide-covered altar of Uskayaw.
  6110 | D:6      | Noticed a yak
  6168 | D:6      | Found a staircase to the Ecumenical Temple.
  6172 | D:6      | Reached skill level 7 in Stealth
  6179 | Temple   | Entered the Ecumenical Temple
  6184 | Temple   | Became a worshipper of the Wu Jian Council
  6322 | D:6      | Noticed Eustachio
  6504 | D:5      | Killed a yak
  6505 | D:5      | Reached XP level 8. HP: 39/65 MP: 1/11
  7020 | D:6      | Reached skill level 8 in Stealth
  7045 | D:7      | Found Johan's Assorted Antiques.
  7057 | D:7      | Bought a scroll labelled AFOTWI MAYCKIS for 30 gold pieces
  7057 | D:7      | Bought a potion of heal wounds for 150 gold pieces
  7057 | D:7      | Bought 2 fizzy golden potions for 54 gold pieces
  7068 | D:7      | Identified the +1 scale mail of Ifofic {Will+ rCorr Str+3}
  7086 | D:7      | Noticed pigah's ghost (novice OpWn)
  7099 | D:7      | Noticed a hornet
  7111 | D:7      | Found a transporter.
  7112 | D:7      | Found a transporter.
  7141 | D:7      | Noticed Maggie
  7142 | D:7      | Identified the +5 plate armour "Ustronebe" {rC+}
  7166 | D:7      | Killed from afar by Maggie

Illustrated notes

Levels and vault maps discovered:
D:1:      lightli_iron_boxes, layout_basic,
          hellmonk_ecumenical_altar_pennies_from_heaven, st_stairs_6,
          serial_park_tiny_pond, minmay_vboxes
D:2:      layout_basic, basic_altar, grunt_ministairs_13
D:3:      layout_loops_ring
D:4:      layout_cave_pools, kennysheep_boxes
D:5:      layout_loops_ring
D:6:      layout_gridville, nicolae_overflow_crystal_walls,
          minmay_temple_entry_nine_rooms, chequers_arboretum, uniq_eustachio
D:7:      layout_loops_cross, serial_shops, kennysheep_little_box, shop, shop,
          shop_fountains, gammafunk_ghost_hive, uniq_maggie, uniq_joseph
Temple:   nicolae_temple_the_god_donut

Skill      XL: |  1  2  3  4  5  6  7  8 |
---------------+-------------------------+-----
Fighting       | 1 2 3 4 5 6 7 |  7.6
Stealth        | 3 4 5 6 7 8 |  8.2
Short Blades   | |  0.8
Dodging        | |  1.7
Spellcasting   | |  2.0
Hexes          | |  3.0

Action                   |  1- 3 |  4- 6 |  7- 9 || total
-------------------------+-------+-------+-------++-------
Melee: Dagger            |   116 |   166 |    56 ||   338
Throw: Dart              |       |     3 |     4 ||     7
 Cast: Corona            |    17 |     1 |       ||    18
       Ensorcelled Hiber |    13 |    17 |    15 ||    45
       Confusing Touch   |       |     1 |     2 ||     3
Invok: Lunge             |       |       |     3 ||     3
  Use: Scroll            |       |    16 |     3 ||    19
       Potion            |       |     4 |     3 ||     7
 Stab: Sleeping          |    12 |    20 |    11 ||    43
       Invisible         |       |     1 |     2 ||     3
       Confused          |       |       |     1 ||     1
Armor: Robe              |    25 |    36 |    25 ||    86
       Scale mail        |       |       |     2 ||     2
Dodge: Dodged            |    69 |    81 |    44 ||   194
Block: Other             |       |    20 |    15 ||    35

Table legend: (Time is in decaauts)
 A = Elapsed time spent in this place.
 B = Non-inter-level travel time spent in this place.
 C = Inter-level travel time spent in this place.
 D = Time resting spent in this place.
 E = Time spent auto-exploring this place.
 F = Levels seen in this place.
 G = Mean time per level.
                   A        B        C        D        E       F      G
               +--------+--------+--------+--------+--------+-----+--------+
         Total |   7163 |   6902 |    261 |   2403 |   2876 |   8 |  895.4 |
       Dungeon |   7153 |   6892 |    261 |   2403 |   2876 |   7 | 1021.9 |
        Temple |     10 |     10 |      0 |      0 |      0 |   1 |   10.0 |
               +--------+--------+--------+--------+--------+-----+--------+

Top non-repeatable levels by time:
     D:1: 2176 daAuts
     D:5: 1609 daAuts
     D:2: 1070 daAuts
     D:3: 988 daAuts
     D:4: 751 daAuts
     D:6: 437 daAuts
     D:7: 120 daAuts
  Temple: 10 daAuts
